 Dungeon Crawl Stone Soup version 0.16.1 (webtiles) character file.

974 Tolias the Conjurer (level 8, -4/48 HPs)
             Began as a Halfling Venom Mage on Mar 23, 2015.
             Slain by a gnoll (6 damage)
             ... on level 5 of the Dungeon.
             The game lasted 00:19:48 (5869 turns).

Tolias the Conjurer (Halfling Venom Mage)           Turns: 5869, Time: 00:19:48

Health: -4/48      AC:  8    Str: 10    XL:     8   Next: 39%
Magic:  14/14      EV: 13    Int: 14    God:
Gold:   104        SH:  0    Dex: 17    Spells: 2 memorised, 9 levels left

rFire  . . .     SeeInvis +     a - +0 short sword
rCold  . . .     Clarity  .     h - +0 ring mail (curse)
rNeg   . . .     SustAb   .     (no shield)
rPois  .         Gourm    .     d - +2 helmet
rElec  .         Spirit   .     (no cloak)
rCorr  .         Warding  .     (no gloves)
rMut   .         Stasis   .     (no boots)
MR     .....                    (no amulet)
Stlth  ++........               (no ring)
                                m - ring of see invisible

@: starving, not resistant to hostile enchantments, unstealthy
A: agile 1, mutation resistance 1, placid magic 1
a: no special abilities


You were on level 5 of the Dungeon.
You were starving.

You visited 1 branch of the dungeon, and saw 5 of its levels.

You collected 104 gold pieces.

Inventory:

Hand weapons
 a - a +0 short sword (weapon)
 i - a +0 club
 q - a +0 dagger
 w - a +0 blowgun
Missiles
 e - 19 stones
 k - 27 sling bullets
 v - 2 tomahawks (quivered)
Armour
 d - a +2 helmet (worn)
 f - a +0 robe
 g - a +0 ring mail of poison resistance
 h - a cursed +0 ring mail (worn)
 r - a +1 ring mail
Jewellery
 c - an uncursed ring of fire
 m - a ring of see invisible (left hand)
 t - an uncursed amulet of faith
Scrolls
 o - a scroll of fog
Potions
 j - 2 potions of restore abilities
 l - a potion of brilliance
Books
 b - a Young Poisoner's Handbook

   Spells                             Type                      Level
   a - Sting                          Conjuration/Poison           1
   b - Cure Poison                    Poison                       2
   c - Mephitic Cloud                 Conjuration/Poison/Air       3
   d - Olgreb's Toxic Radiance        Poison                       4
   e - Venom Bolt                     Conjuration/Poison           5


   Skills:
 - Level 1.3 Fighting
 - Level 4.7 Short Blades
 - Level 2.8 Dodging
 - Level 2.1 Stealth
 + Level 2.6 Spellcasting
 - Level 5.9 Conjurations
 - Level 3.7 Poison Magic


You had 9 spell levels left.
You knew the following spells:

 Your Spells              Type           Power        Failure   Level  Hunger
e - Sting                 Conj/Pois      ##..         4%          1    #......
m - Cure Poison           Pois           #.........   11%         2    ###....


Dungeon Overview and Level Annotations

Branches:
Dungeon (5/15)
 Temple: D:4-7

Altars:
Elyvilon


Innate Abilities, Weirdness & Mutations

You are small and have problems with some larger weapons.
You are somewhat resistant to further mutation.
You are agile. (Dex +2)
Your spells are a little easier to cast, but a little less powerful.


Message History

You feel sick.
There is an open door here.
You feel sick.
There is a white marble altar of Elyvilon here.
You feel sick.
There is an open door here.
You lose consciousness!
The gnoll barely misses you. The gnoll hits you but does no damage.
You feel sick.
You are no longer poisoned.
The gnoll hits you.
* * * LOW HITPOINT WARNING * * *
The gnoll hits you but does no damage. The gnoll barely misses you.
You can move again.
Unknown command.
Unknown command.
The gnoll hits you.
You die...

#g##..###)###.#
#####.###.##
#g###)# #.# #.#
#.....#
#g###.###.###.#
########.###
#(##..'..g..'g#
#........#
###.##..#######.#
#.########
....g...# ### #g##
#.#
#####...#######.g#
#.# #...........g#
#.#
#....)....##@####.#
#.................#
###################


You could see 3 gnolls and a hobgoblin.

Vanquished Creatures
  Pikel (D:3)
  An orc warrior (D:5)
  An orc priest (D:4)
  A centaur skeleton (D:4)
  A jelly (D:5)
  2 orc wizards
  2 worker ants
  Ijyb (D:2)
  Robin (D:2)
  9 adders
  A shadow imp (D:5)
  5 worms
  A giant gecko (D:1)
  12 orcs
  A bat skeleton (D:4)
  12 goblins
  8 hobgoblins
  2 quokkas
  4 ball pythons
  13 bats
  4 giant cockroaches
  6 giant newts
  6 jackals
  9 kobolds
  12 rats
116 creatures vanquished.

Vanquished Creatures (others)
  A kobold (D:4)
1 creature vanquished.

Grand Total: 117 creatures vanquished

Notes
Turn   | Place    | Note
--------------------------------------------------------------
     0 | D:1      | Tolias, the Halfling Venom Mage, began the quest for the Orb.
     0 | D:1      | Reached XP level 1. HP: 11/11 MP: 2/2
   226 | D:1      | Reached XP level 2. HP: 18/18 MP: 0/3
   301 | D:1      | Reached skill level 1 in Fighting
  1001 | D:1      | Reached skill level 1 in Short Blades
  1065 | D:1      | Reached XP level 3. HP: 20/23 MP: 1/5
  1264 | D:2      | Noticed Ijyb
  1289 | D:2      | Killed Ijyb
  1331 | D:2      | Noticed Robin
  1451 | D:2      | Reached XP level 4. HP: 28/28 MP: 1/6
  1469 | D:2      | Killed Robin
  1683 | D:2      | Reached skill level 4 in Short Blades
  1765 | D:2      | Learned a level 2 spell: Cure Poison
  2016 | D:2      | Reached XP level 5. HP: 10/33 MP: 0/7
  2461 | D:2      | Reached skill level 1 in Conjurations
  3130 | D:2      | Noticed an ogre
  3544 | D:3      | Reached XP level 6. HP: 32/38 MP: 3/9
  4600 | D:4      | Noticed a slave
  4730 | D:4      | Noticed Pikel
  4731 | D:4      | Noticed a slave
  4732 | D:4      | Noticed a slave
  4733 | D:4      | Noticed a slave
  5034 | D:3      | Gained mutation: You are agile. (Dex +2) [potion of mutation]
  5034 | D:3      | Gained mutation: Your spells are a little easier to cast, but a little less powerful. [potion of mutation]
  5095 | D:3      | Killed Pikel
  5095 | D:3      | Reached skill level 5 in Conjurations
  5095 | D:3      | Reached XP level 7. HP: 9/43 MP: 4/10
  5095 | D:3      | Reached XP level 8. HP: 10/48 MP: 4/11
  5527 | D:5      | Entered Level 5 of the Dungeon
  5556 | D:5      | Found a white marble altar of Elyvilon.
  5814 | D:5      | Found a white marble altar of Elyvilon.
  5854 | D:5      | HP: 2/48 [poisoned by a worker ant]
  5862 | D:5      | HP: 2/48 [poisoned by a worker ant]
  5869 | D:5      | Slain by a gnoll

Action                   |  1- 3 |  4- 6 |  7- 9 || total
-------------------------+-------+-------+-------++-------
Melee: Club              |    14 |       |       ||    14
       Short sword       |    33 |   106 |   120 ||   259
       Dagger            |       |   122 |    15 ||   137
 Fire: Blowgun           |       |       |     4 ||     4
Throw: Stone             |     1 |     1 |       ||     2
       Tomahawk          |       |       |     3 ||     3
 Cast: Sting             |    48 |   148 |     4 ||   200
       Cure Poison       |       |     2 |       ||     2
  Use: Scroll            |     6 |     5 |       ||    11
       Potion            |       |     8 |     2 ||    10
 Stab: Sleeping          |       |     3 |       ||     3
  Eat: Chunk             |     3 |    12 |     1 ||    16
       Bread ration      |       |     1 |       ||     1
       Fruit             |       |       |     1 ||     1
